 Dungeon Crawl Stone Soup version 0.26-a0-278-g3b0d5afba5 (webtiles) character file.

Game seed: 15353069974552038847

72 BritishOli the Skirmisher (level 4, 17/35 HPs)
             Began as a Demonspawn Fighter on July 12, 2020.
             Quit the game on level 2 of the Dungeon.
             The game lasted 00:01:04 (2110 turns).

BritishOli the Skirmisher (Demonspawn Fighter)      Turns: 2110, Time: 00:01:04

Health: 17/35      AC:  6    Str: 17    XL:     4   Next: 6%
Magic:  4/4        EV:  7    Int:  9    God:
Gold:   84         SH:  9    Dex: 15    Spells: 3/3 levels left

rFire    . . .     SeeInvis .   a - +0 long sword
rCold    . . .     Faith    .   c - +0 kite shield
rNeg     . . .     Spirit   .   b - +0 scale mail
rPois    .         Reflect  .   (no helmet)
rElec    .         Harm     .   (no cloak)
rCorr    .                      (no gloves)
MR       .....                  (no boots)
Stlth    +.........             (no amulet)
HPRegen  0.11/turn              (no ring)
MPRegen  0.09/turn              (no ring)

@: no status effects
A: thin skeletal structure 1, demonic guardian 1
a: no special abilities


You were on level 2 of the Dungeon.
You visited 1 branch of the dungeon, and saw 2 of its levels.

You collected 84 gold pieces.

Inventory:

Hand Weapons
 a - a +0 long sword (weapon)
Armour
 b - a +0 scale mail (worn)
 c - a +0 kite shield (worn)
Jewellery
 j - an uncursed ring of magical power {unknown}
Scrolls
 e - a scroll of enchant armour {unknown}
 f - 2 scrolls of fog {unknown}
 h - a scroll of identify {unknown}
 m - 2 scrolls of enchant weapon {unknown}
 o - a scroll of immolation {unknown}
 q - a scroll of magic mapping {unknown}
Potions
 d - a potion of might
 g - a potion of ambrosia {unknown}
 i - a potion of haste {unknown}
 k - a potion of degeneration {unknown}
 l - a potion of mutation {unknown}
 n - 2 potions of resistance {unknown}
 p - a potion of curing {unknown}


   Skills:
 + Level 3.5 Fighting
 + Level 2.5 Long Blades
 + Level 3.2 Armour
 + Level 3.2 Shields


You had 3 spell levels left.
You didn't know any spells.
Your spell library was empty.

Dungeon Overview and Level Annotations

Branches:
Dungeon (2/15)

Altars:
Ashenzari


Innate Abilities, Weirdness & Mutations

You have a somewhat thin skeletal structure. (Dex +2, Stealth)
A weak demonic guardian rushes to your aid.


Message History

You are too injured to fight recklessly!
A white imp is nearby!
You are too injured to fight recklessly!
A white imp is nearby!
You are too injured to fight recklessly!
A white imp is nearby!
You are too injured to fight recklessly!
You closely miss the white imp.
The white imp hits you but does no damage.
You closely miss the white imp.
The white imp hits you but does no damage.
You block the white imp's attack.
You slash the white imp!
You kill the white imp!
You have reached level 4!
You feel agile.
Your demonic ancestry asserts itself...
Your bones become slightly less dense.
Save game and exit?
Okay, then.
Are you sure you want to abandon this character and quit the game? (Confirm with "yes".)

#........ #.#
......... #.# #.#
#.########### #.#
#.# .......>....#
#.# #.#
......#.###.# #.#
#(# ......#.#.#.#
#.# #.#
......#.#.#.# #.#
#.# #+#+#.#.#.#.#
#.# #.#
#.#.#.#.#.#.##.#@#
#.#
#.#.#.#.#.#.##.#.#
#.#
....#.#...†..#.#.#
#.#
#.###.#####..#.#.#
#.#
#............#.#.#
#######.#
#####.######.#.#.#
........# ## #.#
#.#.#.##########.#
.####.####
#.#..........(.).#
.'.......#
#.#.############.#


There were no monsters in sight!

Vanquished Creatures
  2 adders (D:2)
  A white imp (D:2)
  3 dart slugs
  3 leopard geckos
  3 giant cockroaches (D:2)
  2 goblins
  A hobgoblin (D:2)
  2 jackals (D:1)
  A quokka (D:2)
  6 bats
  2 frilled lizards (D:2)
  8 kobolds
  8 rats
42 creatures vanquished.

Notes
Turn   | Place    | Note
-------+----------+-------------------------------------------
     0 | D:1      | BritishOli the Demonspawn Fighter began the quest for the
                  | Orb.
     0 | D:1      | Reached XP level 1. HP: 18/18 MP: 1/1
   318 | D:1      | Gained mutation: A weak demonic guardian rushes to your
                  | aid. [demonic ancestry]
   318 | D:1      | Reached XP level 2. HP: 24/24 MP: 2/2
  1050 | D:2      | Reached XP level 3. HP: 22/29 MP: 3/3
  1327 | D:2      | Found a shattered altar of Ashenzari.
  1794 | D:2      | Found a faded altar of an unknown god.
  2109 | D:2      | Gained mutation: You have a somewhat thin skeletal
                  | structure. (Dex +2, Stealth) [demonic ancestry]
  2109 | D:2      | Reached XP level 4. HP: 17/35 MP: 4/4
  2110 | D:2      | Quit the game

Illustrated notes

Levels and vault maps discovered:
D:1:      lemuel_arrival_lava_pool, layout_basic
D:2:      layout_basic, lemuel_round_altar, chequers_ecumenical_altar_simple,
          st_stairs_5

Skill      XL: |  1  2 |
---------------+-------+-----
Long Blades    | 2 |  2.5
Armour         | 3 |  3.2
Shields        | 3 |  3.2
Fighting       | |  3.5

Action                   |  1- 3 |  4- 6 || total
-------------------------+-------+-------++-------
Melee: Long sword        |   150 |       ||   150
Armor: Scale mail        |    83 |       ||    83
Dodge: Dodged            |    44 |       ||    44
Block: Kite shield       |    89 |       ||    89
       Rpst.: Long sword |    14 |       ||    14

Table legend:
 A = Non-vault XP
 B = Vault XP
 C = Vault XP percentage of total XP
 D = Non-vault monster count
 E = Vault monster count
 F = Vault count percentage of total count
                 A         B        C        D         E       F
            +---------+---------+-------+---------+---------+-------
      Total |      97 |       6 |   5.8 |      38 |       4 |   9.5
            +---------+---------+-------+---------+---------+-------
        D:1 |      33 |       0 |   0.0 |      18 |       0 |   0.0
        D:2 |      64 |       6 |   8.6 |      20 |       4 |  16.7
            +---------+---------+-------+---------+---------+-------
